 Dungeon Crawl Stone Soup version 0.23.2-1-ga50397a (webtiles) character file.

Game seed: 3059077509140679391

81 funkygono the Digger (level 4, -4/30 HPs)
             Began as a Formicid Earth Elementalist on May 11, 2019.
             Slain by a gnoll
             ... wielding a +0 club
              (9 damage)
             ... on level 2 of the Dungeon.
             The game lasted 00:05:28 (1214 turns).

funkygono the Digger (Formicid Earth Elementalist)  Turns: 1214, Time: 00:05:29

Health: -4/30      AC:  4    Str: 13    XL:     4   Next: 67%
Magic:  0/8        EV: 12    Int: 15    God:
Gold:   121        SH:  0    Dex: 11    Spells: 5/9 levels left

rFire    x . .     SeeInvis +   m - +0 whip
rCold    + . .     Gourm    .   (no shield)
rNeg     . . .     Faith    .   c - +0 robe
rPois    .         Spirit   +   (helmet unavailable)
rElec    .         Reflect  .   (no cloak)
rCorr    .         Harm     .   (no gloves)
MR       .....                  k - +1 pair of boots
Stlth    ++........             e - amulet of guardian spirit
HPRegen  0.10/turn              j - ring of ice
MPRegen  0.11/turn              (no ring)

@: very slightly contaminated
A: permanent stasis, dig shafts and tunnels, four strong arms, antennae 3
a: Dig, Shaft Self


You were on level 2 of the Dungeon.
You were not hungry.

You visited 1 branch of the dungeon, and saw 2 of its levels.

You collected 121 gold pieces.

Inventory:

Hand Weapons
 m - a +0 whip (weapon)
Missiles
 b - 83 stones (quivered)
Armour
 c - a +0 robe (worn)
 k - a +1 pair of boots (worn)
 o - a +0 scale mail
Jewellery
 e - an amulet of guardian spirit (around neck)
 j - a ring of ice (left hand)
Scrolls
 a - a scroll of magic mapping
 g - a scroll of identify
Potions
 l - a potion of curing
Comestibles
 d - 5 rations
 f - 8 chunks of flesh


   Skills:
 + Level 0.1 Fighting
 + Level 0.2 Maces & Flails
 + Level 2.3 Dodging
 + Level 2.6 Stealth
 + Level 3.3 Spellcasting
   Level 1.1 Transmutations
 + Level 4.6 Earth Magic


You had 5 spell levels left.
You knew the following spells:

 Your Spells              Type           Power        Failure   Level  Hunger
a - Sandblast             Erth           ###...       2%          1    #......
b - Stone Arrow           Conj/Erth      #.....       22%         3    ###....

Your spell library contained the following spells:

 Spells                   Type           Power        Failure   Level  Hunger
 Passwall                 Tmut/Erth      ##......     9%          2    ##.....
 Petrify                  Tmut/Erth      ##......     52%         4    #####..
 Lee's Rapid Deconstruct  Erth           ###.......   61%         5    ######.


Dungeon Overview and Level Annotations

Branches:
Dungeon (2/15)

Altars:


Innate Abilities, Weirdness & Mutations

You cannot be hasted, slowed, berserked, paralysed or teleported.
You can dig through walls and to a lower floor.
Your four strong arms can wield two-handed weapons with a shield.
You have a pair of large antennae on your head. (SInv)


Message History

You completely miss the gnoll.
The gnoll is heavily wounded.
The gnoll closely misses you.
Casting: Sandblast (safe; 2% risk of failure)
Confirm with . or Enter, or press ? or * to list all spells.
Aiming: Sandblast (safe; 2% risk of failure)
Press: ? - help, Shift-Dir - straight line, f - gnoll
Aim: a gnoll, wielding a +0 club (heavily wounded)
The blast of sand hits the gnoll.
The gnoll is heavily wounded.
b - 83 stones The gnoll completely misses you.
You closely miss the gnoll.
The gnoll is heavily wounded.
The gnoll hits you with a +0 club.
* * * LOW HITPOINT WARNING * * *
You hit the gnoll but do no damage.
The gnoll is heavily wounded.
The gnoll hits you with a +0 club!
You die...

#.# #.# #.# #.# #.#
########## #.# #....@g).#
#.# #.######........
########.# #.# #........
.........###.###...........
...........................
...........................
..............##.##.#######
.........####.# ##..
...รท.....# .#


You could see a gnoll.

Vanquished Creatures
  2 adders (D:2)
  2 gnolls (D:2)
  A worm (D:2)
  3 giant cockroaches (D:1)
  6 goblins (D:1)
  6 hobgoblins
  2 jackals (D:1)
  9 bats
  3 frilled lizards
  3 kobolds
  3 rats
40 creatures vanquished.

Notes
Turn   | Place    | Note
-------+----------+-------------------------------------------
     0 | D:1      | funkygono the Formicid Earth Elementalist began the quest
                  | for the Orb.
     0 | D:1      | Reached XP level 1. HP: 13/13 MP: 3/3
   151 | D:1      | Reached skill level 4 in Earth Magic
   151 | D:1      | Reached XP level 2. HP: 17/19 MP: 0/5
   504 | D:1      | Reached XP level 3. HP: 21/24 MP: 5/7
   509 | D:1      | Learned a level 3 spell: Stone Arrow
  1031 | D:2      | Reached XP level 4. HP: 27/30 MP: 0/8
  1214 | D:2      | Slain by a gnoll

Skill      XL: |  1  2  3  4 |
---------------+-------------+-----
Earth Magic    | 4 |  4.6
Dodging        | 2 |  2.3
Spellcasting   | 3 |  3.3
Fighting       | |  0.1
Maces & Flails | |  0.2
Stealth        | |  2.6
Transmutations | |  1.1

Action                   |  1- 3 |  4- 6 || total
-------------------------+-------+-------++-------
Melee: Club              |    15 |       ||    15
       Whip              |    29 |    24 ||    53
 Cast: Sandblast         |    35 |    10 ||    45
       Stone Arrow       |     6 |     2 ||     8
  Use: Scroll            |     9 |       ||     9
  Eat: Chunk             |     2 |     1 ||     3
Armor: Robe              |    22 |     6 ||    28
Dodge: Dodged            |    67 |    19 ||    86
